 Dungeon Crawl Stone Soup version 0.22-a0-617-g6d95e9e (webtiles) character file.

94 sking99 the Ruffian (level 4, -1/44 HPs)
             Began as an Ogre Transmuter on July 12, 2018.
             Slain by an orc
             ... wielding a +1 mace of crushing
              (5 damage)
             ... on level 3 of the Dungeon.
             The game lasted 00:02:56 (1554 turns).

sking99 the Ruffian (Ogre Transmuter)               Turns: 1554, Time: 00:02:57

Health: -1/44      AC:  4    Str: 14    XL:     4   Next: 63%
Magic:  7/7        EV: 10    Int: 14    God:
Gold:   47         SH:  0    Dex: 10    Spells: 1/7 levels left

rFire    . . .     SeeInvis .     - Unarmed
rCold    . . .     Gourm    .   (no shield)
rNeg     . . .     Faith    .   b - +0 robe
rPois    .         Spirit   .   (helmet restricted)
rElec    .         Reflect  .   c - +0 cloak
rCorr    .         Harm     .   (gloves unavailable)
MR       .....                  (boots unavailable)
Stlth    +.........             (no amulet)
HPRegen  0.14/turn              (no ring)
MPRegen  0.10/turn              (no ring)

@: no status effects
A: large, unfitting armour, tough skin 1
a: no special abilities


You were on level 3 of the Dungeon.
You were hungry.

You visited 1 branch of the dungeon, and saw 3 of its levels.

You collected 47 gold pieces.

Inventory:

Missiles
 a - 12 arrows
Armour
 b - a +0 robe (worn)
 c - a +0 cloak (worn)
Jewellery
 e - an uncursed amulet of guardian spirit {unknown}
 o - an uncursed ring of resist corrosion {unknown}
Scrolls
 f - a scroll of blinking {unknown}
 g - a scroll of teleportation {unknown}
 i - 2 scrolls of amnesia {unknown}
 l - a scroll of magic mapping {unknown}
 m - 2 scrolls of remove curse {unknown}
Potions
 h - a potion of curing {unknown}
 k - a potion of resistance {unknown}
 n - a potion of flight {unknown}
 p - a potion of heal wounds {unknown}
Comestibles
 d - 3 rations
 j - 2 chunks of flesh


   Skills:
 - Level 2.6 Fighting
 - Level 1.7 Dodging
 * Level 4.1 Unarmed Combat
 - Level 2.4 Spellcasting
 + Level 2.1 Transmutations
 + Level 0.8 Poison Magic


You had one spell level left.
You knew the following spells:

 Your Spells              Type           Power        Failure   Level  Hunger
a - Beastly Appendage     Tmut           #.....       10%         1    #......
b - Sticks to Snakes      Tmut           #.......     14%         2    ###....
c - Spider Form           Tmut/Pois      #.........   36%         3    ###....

Your spell library contained the following spells:

 Spells                   Type           Power        Failure   Level  Hunger
 Blade Hands              Tmut           #.........   95%         5    ######.
 Ice Form                 Ice/Tmut       #.......     82%         4    #####..


Dungeon Overview and Level Annotations

Branches:
Dungeon (3/15)

Altars:


Innate Abilities, Weirdness & Mutations

You are too large for most types of armour.
You have tough skin. (AC +1)


Message History

You closely miss the orc.
The orc is moderately wounded.
The orc hits you with a mace of crushing.
You hit the orc. Your punch misses the orc.
The orc is heavily wounded.
The orc closely misses you.
You barely miss the orc. Your kick misses the orc.
The orc is heavily wounded.
The orc hits you with a mace of crushing.
You hit the orc.
The orc is heavily wounded.
Your talons disappear.
You hit the orc but do no damage.
The orc is heavily wounded.
The orc hits you with a mace of crushing!
* * * LOW HITPOINT WARNING * * *
x2 You hit the orc.
The orc is severely wounded.
The orc hits you with a mace of crushing.
You die...

### ..# #.# ### #
#.# ##.##
#.###.###.#)##
#.....o@.###.#######
#.....###.#........#
##.#...###.#.#####.#
#......##.#.#
#.#...##....#####
#..##.###<#......#
## #.# #....###.#
#.# ####.# .# # #+#
#.###.#.#


You could see an orc.

Vanquished Creatures
  An iguana (D:2)
  2 adders (D:2)
  A worm (D:2)
  2 dart slugs
  A leopard gecko (D:2)
  3 orcs (D:3)
  4 bats
  2 giant cockroaches (D:2)
  4 goblins
  2 hobgoblins
  3 jackals (D:2)
  5 kobolds
  A ball python (D:2)
  3 frilled lizards
  9 rats
43 creatures vanquished.

Notes
Turn   | Place    | Note
-------+----------+-------------------------------------------
     0 | D:1      | sking99 the Ogre Transmuter began the quest for the Orb.
     0 | D:1      | Reached XP level 1. HP: 19/19 MP: 3/3
   206 | D:1      | Reached skill level 3 in Unarmed Combat
   270 | D:1      | Reached XP level 2. HP: 26/28 MP: 3/5
   284 | D:1      | Learned a level 2 spell: Sticks to Snakes
   819 | D:2      | Reached XP level 3. HP: 36/36 MP: 6/6
   899 | D:2      | Learned a level 3 spell: Spider Form
  1180 | D:2      | Reached XP level 4. HP: 42/44 MP: 5/7
  1227 | D:2      | Reached skill level 4 in Unarmed Combat
  1554 | D:3      | Slain by an orc

Vault maps used:
D:1:      minmay_arrival_three_doors, minivault_27, roderic_roman_lattice,
          st_stairs_5
D:3:      minitemple, first_ration

Skill      XL: |  1  2  3  4 |
---------------+-------------+-----
Unarmed Combat | 3 4 |  4.1
Fighting       | 2 |  2.6
Transmutations | 2 |  2.1
Dodging        | |  1.7
Spellcasting   | |  2.4
Poison Magic   | |  0.8

Action                   |  1- 3 |  4- 6 || total
-------------------------+-------+-------++-------
Melee: Unarmed           |   135 |    51 ||   186
       Kick              |     4 |     2 ||     6
       Punch             |     3 |     3 ||     6
       Headbutt          |     3 |     1 ||     4
 Cast: Beastly Appendage |    16 |     3 ||    19
  Eat: Chunk             |     1 |     1 ||     2
Armor: Robe              |    65 |     8 ||    73
Dodge: Dodged            |    94 |    20 ||   114

Table legend:
 A = Spawn XP
 B = Non-spawn XP
 C = Spawn XP percentage of total XP
 D = Spawn monster count
 E = Non-spawn monster count
 F = Spawn count percentage of total count
 G = Total turns spent on level
                    A         B        C        D         E        F      G
               +---------+---------+-------+---------+---------+-------+---------
         Total |       0 |     135 |   0.0 |       0 |      43 |   0.0 |  1554
               +---------+---------+-------+---------+---------+-------+---------
           D:1 |       0 |      24 |   0.0 |       0 |      15 |   0.0 |   692
           D:2 |       0 |      98 |   0.0 |       0 |      22 |   0.0 |   796
           D:3 |       0 |      13 |   0.0 |       0 |       6 |   0.0 |    66
               +---------+---------+-------+---------+---------+-------+---------
